 Dungeon Sprint DCSS version 0.29.1-12-g30fa7ad0bf (webtiles) character file.

Game seed: 4534139622154781676

102 Groucho the Covert (level 4, 0/21 HPs)
             Began as a Spriggan Enchanter on Dec 27, 2022.
             Was a Believer of Dithmenos.
             Slain by Edmund
             ... wielding a +1 flail of distortion
              (8 damage)
             ... in the Dungeon (Sprint VII: "The Pits").
             The game lasted 00:02:08 (263 turns).

Groucho the Covert (Spriggan Enchanter)              Turns: 263, Time: 00:02:08

Health: 0/21       AC:  2    Str:  6    XL:     4   Next: 49%
Magic:  9/12       EV: 17    Int: 16    God:    Dithmenos [**....]
Gold:   0          SH:  0    Dex: 15    Spells: 2/13 levels left

rFire   . . .      SeeInvis +   a - +2 dagger
rCold   . . .      Faith    .   (no shield)
rNeg    . . .      Spirit   .   b - +0 robe
rPois   .          Reflect  .   (helmet restricted)
rElec   .          Harm     .   (no cloak)
rCorr   .          Rampage  .   (gloves unavailable)
Will    .....      NoTele   +   (boots unavailable)
Stlth   ++++++....              (no amulet)
HPRegen 0.07/turn               (no ring)
MPRegen 0.13/turn               (no ring)

@: wreathed by umbra, very quick
A: very small, no large weapons, unfitting armour, see invisible, speed 3
a: Renounce Religion, Shadow Step


You were in the Dungeon.
You worshipped Dithmenos.
Dithmenos was pleased with you.
You visited 1 branch

Inventory:

Hand Weapons
 a - a +2 dagger (weapon)
Missiles
 k - 10 stones (quivered)
Armour
 b - a +0 robe (worn)
Scrolls
 d - 5 scrolls of amnesia
 i - a scroll of blinking
 j - a scroll of summoning
Potions
 c - 4 potions of invisibility
 e - 5 potions of heal wounds
 f - a potion of haste
 g - 4 potions of magic
 h - 3 potions of berserk rage
 l - 5 potions of curing


   Skills:
 + Level 4.4 Short Blades
 - Level 2.6 Dodging
 * Level 9.9 Stealth
 + Level 5.4 Spellcasting
 + Level 6.0 Hexes


You had 2 spell levels left.
You knew the following spells:

 Your Spells              Type           Power      Damage    Failure   Level
a - Ensorcelled Hibernat  Hex/Ice        28%        N/A       6%          2
b - Confusing Touch       Hex            23%        N/A       3%          3
c - Dazzling Flash        Conj/Hex       28%        N/A       13%         3
d - Tukima's Dance        Hex            23%        N/A       3%          3

Your spell library contained the following spells:

 Spells                   Type           Power      Damage    Failure   Level


Dungeon Overview and Level Annotations

Branches:
Dungeon (1/1)

Altars:
Ashenzari
Cheibriados
Dithmenos
Elyvilon
Fedhas
Gozag
Hepliaklqana
Kikubaaqudgha
Makhleb
Nemelex Xobeh
Okawaru
Qazlal
Ru
Sif Muna
Trog
Uskayaw
Vehumet
Wu Jian
Xom
Yredelemnul
Zin
The Shining One
Jiyva
Lugonu

Annotations:
D Edmund


Innate Abilities, Weirdness & Mutations

You are very small and have problems with some larger weapons.
You are too small for most types of armour.
You have supernaturally acute eyesight. (SInv)
You cover ground extremely quickly. (Speed+++)


Message History

You start resting.
Edmund the Younger comes into view.
He is wielding a +1 flail of distortion and wearing a +3 scale mail of cold resistance.
Casting: Ensorcelled Hibernation (safe; 6% risk of failure)
Confirm with . or Enter, or press ? or * to list all spells.
Aiming: Ensorcelled Hibernation (safe; 6% risk of failure)
Press: ? - help, Shift-Dir - straight line, f - you That would be overly suicidal.
Okay, then.
Unknown command.
Unknown command.
Casting: Ensorcelled Hibernation (safe; 6% risk of failure)
Confirm with . or Enter, or press ? or * to list all spells.
Aiming: Ensorcelled Hibernation (safe; 6% risk of failure)
Press: ? - help, Shift-Dir - straight line, f - you
Okay, then.
Casting: Ensorcelled Hibernation (safe; 6% risk of failure)
Confirm with . or Enter, or press ? or * to list all spells.
The spell is quite dangerous to miscast (3% risk of failure)!
Continue anyway?
Your hands begin to glow red.
Edmund shouts!
Edmund misses you.
You hit Edmund but do no damage.
Edmund appears confused.
You hit Edmund but do no damage. Edmund completely misses you.
You hit Edmund.
Edmund is lightly wounded.
You hit Edmund but do no damage.
Edmund is lightly wounded.
You completely miss Edmund.
Edmund hits you with a +1 flail of distortion.
Space warps horribly around you!
Ouch! That really hurt!
* * * LOW HITPOINT WARNING * * *
You are too injured to fight recklessly!
Unknown command.
Okay, then.
You feel much better.
Edmund hits you with a +1 flail of distortion!
Ouch! That really hurt!
Space warps horribly around you!
You die...

############
#_________.#
#_________.#
#_______...########
##########'##......
#.?..')))).##......
##########.##......
#.@........†'......
#@#####'#####......
#.#..#.....##......
#.#))#####'#####'##
#.#))#.....##......
#.#))#.....##......
#.#[[###'####......
#.##'#....†##...<..
#.#...†....##......


You could see Edmund (confused).

Vanquished Creatures
  A scorpion (D)
  A crimson imp (D)
  2 endoplasms (D)
  A hobgoblin (D)
  3 jackals (D)
  2 quokkas (D)
  A ball python skeleton (D)
  A frilled lizard (D)
12 creatures vanquished.

Notes
Turn   | Place    | Note
-------+----------+-------------------------------------------
     0 | D        | Groucho the Spriggan Enchanter began the quest for the Orb.
     0 | D        | Reached XP level 1. HP: 9/9 MP: 5/5
    34 | D        | Reached skill level 5 in Stealth
    61 | D        | Found a bloodstained altar of Trog.
    61 | D        | Found a shimmering blue altar of Sif Muna.
    61 | D        | Found a viscous altar of Jiyva.
    61 | D        | Found a hazy altar of Hepliaklqana.
    61 | D        | Found an opulent altar of Gozag.
    62 | D        | Found a glowing golden altar of the Shining One.
    62 | D        | Found a glowing silver altar of Zin.
    62 | D        | Found a basalt altar of Yredelemnul.
    62 | D        | Found a shimmering altar of Xom.
    62 | D        | Found an ornate altar of the Wu Jian Council.
    62 | D        | Found a sacrificial altar of Ru.
    62 | D        | Found a stormy altar of Qazlal.
    62 | D        | Found an iron altar of Okawaru.
    62 | D        | Found a sparkling altar of Nemelex Xobeh.
    62 | D        | Found a burning altar of Makhleb.
    62 | D        | Found a blossoming altar of Fedhas.
    62 | D        | Found a white marble altar of Elyvilon.
    62 | D        | Found a shadowy altar of Dithmenos.
    62 | D        | Found a snail-covered altar of Cheibriados.
    63 | D        | Found a radiant altar of Vehumet.
    63 | D        | Found a corrupted altar of Lugonu.
    64 | D        | Found a hide-covered altar of Uskayaw.
    64 | D        | Found an ancient bone altar of Kikubaaqudgha.
    64 | D        | Found a broken altar of Ashenzari.
    70 | D        | Became a worshipper of Dithmenos the Shadowed
    84 | D        | Noticed a scorpion
    86 | D        | Killed a scorpion
    87 | D        | Reached skill level 8 in Stealth
    87 | D        | Reached skill level 5 in Hexes
    87 | D        | Reached XP level 2. HP: 13/13 MP: 5/8
    87 | D        | Reached XP level 3. HP: 16/16 MP: 6/10
    97 | D        | Learned a level 2 spell: Ensorcelled Hibernation
   101 | D        | Learned a level 3 spell: Confusing Touch
   105 | D        | Learned a level 3 spell: Dazzling Flash
   109 | D        | Learned a level 3 spell: Tukima's Dance
   111 | D        | Reached * piety under Dithmenos
   122 | D        | Reached ** piety under Dithmenos
   130 | D        | Reached XP level 4. HP: 21/21 MP: 8/11
   170 | D        | Noticed a lemure
   171 | D        | Noticed a lemure
   193 | D        | Reached skill level 9 in Stealth
   193 | D        | Reached skill level 5 in Spellcasting
   251 | D        | Noticed Edmund
   263 | D        | Slain by Edmund

Illustrated notes

Levels and vault maps discovered:
D:        pitsprint [storerooms_1, entrance_room_1, metal_vault_5, armoury_1,
          mini_pit_1, grid_room_1, main_hall_1, silver_pit, the_coven_1,
          the_vestibule_1, steel_vault_3, golden_pit, hallway_of_sentries,
          crystal_vault_4, iron_vault_2, final_vault]

Skill      XL: |  1  2  3  4 |
---------------+-------------+-----
Stealth        | 8 9 |  9.9
Spellcasting   | 4 5 |  5.4
Hexes          | 5 6 |  6.0
Short Blades   | 3 4 |  4.4
Dodging        | |  2.6

Action                   |  1- 3 |  4- 6 || total
-------------------------+-------+-------++-------
Melee: Dagger            |    33 |     6 ||    39
 Cast: Ensorcelled Hiber |     1 |     4 ||     5
       Confusing Touch   |       |     1 ||     1
  Use: Potion            |     1 |     1 ||     2
 Stab: Sleeping          |     7 |     1 ||     8
Armor: Robe              |     2 |       ||     2
Dodge: Dodged            |    18 |     2 ||    20
